Map: New Gettysburg LE

Players

llllllllllll - Winner!

  • Race: Protoss Protoss
  • League: Diamond

DRAGONPIOU

  • Race: Terran Terran
  • League: Diamond

VOD

Have the link to the VOD?

Description

Time

  • Played on: Oct. 9, 2016, 12:56 p.m.
  • Length: 17:24
Show
View Real Time Build Order
Export as new Build Order

llllllllllll Protoss - Winner!

Build Orders:  

Get SALT Encoding   

  12  0:01  Probe (Chrono Boost)  
  13  0:11  Probe (Chrono Boost)  
  14  0:27  Pylon  
  14  0:28  Probe (Chrono Boost)  
  15  0:45  Probe (Chrono Boost)  
  16  0:53  Gateway  
  16  0:56  Forge  
  16  1:02  Pylon  
  16  1:17  Pylon  
  16  1:32  Pylon  
  15  1:47  Nexus  
  15  1:50  Gateway  
  14  1:58  Photon Cannon, Probe (Chrono Boost)  
  16  2:08  Probe (Chrono Boost)  
  16  2:12  Assimilator  
  16  2:19  Probe (Chrono Boost)  
  17  2:26  Pylon  
  17  2:29  Probe (Chrono Boost)  
  18  2:39  Cybernetics Core  
  18  2:42  Probe (Chrono Boost)  
  19  2:51  Assimilator  
  19  2:53  Probe (Chrono Boost)  
  20  3:02  Probe (Chrono Boost)  
  20  3:03  Probe (Chrono Boost)  
  22  3:12  Probe (Chrono Boost)  
  23  3:14  Probe (Chrono Boost)  
  24  3:23  Probe (Chrono Boost)  
  24  3:24  Probe (Chrono Boost)  
  26  3:30  Assimilator  
  26  3:33  Probe (Chrono Boost)  
  26  3:34  Stargate  
  27  3:35  Probe (Chrono Boost)  
  28  3:44  Probe (Chrono Boost)  
  28  3:45  Pylon  
  28  3:47  Probe (Chrono Boost)  
  30  3:58  Probe (Chrono Boost)  
  30  4:01  Probe (Chrono Boost)  
  32  4:07  Photon Cannon  
  32  4:12  Mothership Core (Chrono Boost), Probe (Chrono Boost)  
  32  4:15  Assimilator  
  32  4:17  Oracle  
  35  4:22  Probe (Chrono Boost)  
  39  4:28  Pylon  
  39  4:30  Probe (Chrono Boost)  
  40  4:41  Probe x2 (Chrono Boost)  
  40  4:42  Stargate  
  42  4:50  Photon Cannon  
  42  4:52  Pylon, Oracle  
  45  5:05  Photon Cannon  
  45  5:20  Probe x2 (Chrono Boost)  
  42  5:23  Pylon  
  39  5:45  Void Ray x2  
  47  5:55  Probe (Chrono Boost)  
  48  6:00  Probe (Chrono Boost)  
  48  6:03  Photon Cannon  
  49  6:05  Photon Cannon  
  49  6:06  Probe (Chrono Boost)  
  50  6:20  Probe x2 (Chrono Boost)  
  50  6:24  Pylon  
  52  6:30  Probe (Chrono Boost)  
  53  6:36  Void Ray x2  
  61  6:44  Probe (Chrono Boost)  
  61  6:46  Probe (Chrono Boost)  
  63  6:52  Pylon  
  63  6:55  Pylon, Probe (Chrono Boost)  
  63  6:56  Probe (Chrono Boost)  
  65  7:05  Probe (Chrono Boost)  
  65  7:07  Probe (Chrono Boost)  
  67  7:10  Pylon  
  67  7:16  Probe (Chrono Boost)  
  67  7:17  Probe (Chrono Boost)  
  67  7:19  Void Ray  
  73  7:29  Void Ray  
  71  7:40  Robotics Facility  
  71  7:52  Pylon  
  71  7:54  Pylon  
  71  7:55  Pylon  
  71  8:01  Void Ray  
  75  8:12  Void Ray  
  75  8:33  Nexus  
  75  8:36  Pylon  
  75  8:38  Assimilator  
  75  8:42  Assimilator  
  75  8:45  Pylon  
  75  8:48  Photon Cannon x2  
  75  8:49  Void Ray  
  75  8:50  Pylon  
  79  8:57  Pylon  
  79  9:02  Fleet Beacon  
  79  9:07  Photon Cannon  
  79  9:10  Photon Cannon  
  79  9:28  Stargate  
  79  9:29  Stargate  
  75  9:49  Carrier x2  
  75  9:51  Observer  
  88  9:53  Probe (Chrono Boost)  
  88  9:55  Probe (Chrono Boost)  
  90  10:01  Probe (Chrono Boost)  
  90  10:04  Probe (Chrono Boost)  
  90  10:05  Probe (Chrono Boost)  
  93  10:11  Probe (Chrono Boost)  
  94  10:16  Probe (Chrono Boost)  
  94  10:18  Carrier  
  101  10:26  Probe (Chrono Boost)  
  102  10:35  Carrier  
  102  10:37  Probe (Chrono Boost)  
  109  10:47  Probe (Chrono Boost)  
  108  10:58  Probe (Chrono Boost)  
  104  11:08  Probe (Chrono Boost)  
  104  11:10  Photon Cannon  
  101  11:11  Photon Cannon  
  101  11:13  Photon Cannon  
  101  11:16  Photon Cannon  
  97  11:30  Carrier x2  
  109  11:34  Probe (Chrono Boost)  
  110  11:44  Pylon, Probe (Chrono Boost)  
  110  11:45  Photon Cannon  
  111  11:55  Probe (Chrono Boost)  
  112  12:04  Probe (Chrono Boost)  
  112  12:05  Probe (Chrono Boost)  
  114  12:09  Carrier  
  114  12:15  Probe (Chrono Boost)  
  121  12:23  Carrier  
  121  12:25  Probe (Chrono Boost)  
  121  12:26  Graviton Catapult  
  128  12:36  Probe (Chrono Boost)  
  129  12:46  Probe (Chrono Boost)  
  130  13:10  Carrier x2  
  142  13:18  Nexus  
  142  13:20  Pylon  
  142  13:35  Carrier  
  148  14:36  Nexus  
  97  15:56  Photon Cannon  
  96  16:02  Photon Cannon  
  93  16:06  Photon Cannon  
  93  16:08  Stargate  
  93  16:10  Stargate  
  93  16:12  Stargate  
  93  16:15  Stargate  
  93  16:18  Stargate  
  92  16:19  Photon Cannon  
  92  16:22  Pylon  
  92  16:24  Pylon  
  92  16:31  Pylon  
  92  16:33  Pylon  
  92  16:35  Pylon  
Show
View Real Time Build Order
Export as new Build Order

DRAGONPIOU Terran 

Build Orders:  

Get SALT Encoding   

  12  0:01  SCV  
  13  0:14  SCV  
  14  0:19  Supply Depot  
  14  0:26  SCV  
  15  0:29  Refinery  
  15  0:43  Barracks  
  15  0:45  SCV  
  16  0:57  SCV  
  17  1:10  SCV  
  18  1:22  SCV  
  19  1:30  Marine  
  20  1:48  Marine  
  21  2:03  Supply Depot  
  21  2:13  Orbital Command  
  21  2:16  Marine  
  22  2:31  Factory  
  22  2:34  Marine  
  23  2:41  SCV  
  24  2:52  Marine  
  24  2:57  SCV  
  25  3:02  Refinery  
  25  3:09  SCV  
  25  3:10  Marine  
  27  3:14  Widow Mine  
  27  3:16  Starport  
  29  3:29  Marine  
  29  3:33  Supply Depot  
  30  3:42  SCV  
  30  3:47  Supply Depot  
  31  3:54  Widow Mine, Medivac, Marine  
  36  4:09  Command Center  
  36  4:18  Marine  
  36  4:23  SCV  
  38  4:33  Starport Tech Lab  
  38  4:34  Factory Reactor  
  38  4:35  SCV, Marine  
  38  5:18  Marine  
  35  5:36  Marine  
  35  5:47  Widow Mine x2  
  36  5:54  Marine  
  36  5:57  SCV  
  36  6:01  Viking  
  38  6:11  Marine  
  38  6:16  Widow Mine  
  41  6:29  Orbital Command, Marine  
  40  6:34  Barracks x3  
  40  6:44  Engineering Bay  
  40  6:47  Marine  
  40  6:49  SCV  
  42  6:58  Engineering Bay  
  40  7:02  SCV  
  40  7:05  Marine  
  42  7:10  SCV  
  42  7:14  SCV  
  44  7:22  SCV  
  45  7:23  Marine  
  45  7:26  SCV, Missile Turret  
  45  7:29  Barracks Tech Lab x2, Barracks Reactor  
  46  7:32  Medivac x2  
  46  7:34  SCV  
  46  7:35  Cyclone  
  55  7:38  SCV  
  55  7:40  Mag-Field Accelerator  
  55  7:41  Marine  
  57  7:46  SCV  
  57  7:50  SCV  
  59  7:52  Stimpack  
  59  7:53  Combat Shields  
  60  7:58  SCV  
  60  8:02  SCV  
  60  8:05  Missile Turret  
  61  8:11  Cyclone  
  60  8:22  SCV  
  61  8:30  Marine  
  62  8:36  Supply Depot  
  62  8:48  Missile Turret x2  
  62  8:58  SCV x2, Cyclone, Marauder  
  70  9:08  Terran Infantry Weapons Level 1, Terran Infantry Armor Level 1, Supply Depot  
  70  9:10  Supply Depot  
  70  9:12  Medivac x2, Marine x2  
  70  9:13  Marauder  
  78  9:20  Marauder  
  80  9:27  SCV, Refinery  
  80  9:30  Concussive Shells  
  84  9:34  Marauder  
  85  9:41  Marauder  
  85  9:42  Medivac x2  
  89  9:49  Cyclone  
  91  9:54  Marine  
  92  10:01  Armory  
  92  10:04  Command Center  
  92  10:05  Marine x4  
  96  10:18  Medivac  
  96  10:21  Cyclone  
  101  10:28  Marine  
  102  10:37  Supply Depot x2  
  102  10:39  Supply Depot  
  102  10:50  Marine  
  102  10:51  Marine x4  
  85  11:08  Cyclone, Marine  
  74  11:28  Marine x2  
  74  11:29  Marauder x2  
  75  11:33  Marine  
  76  11:40  Cyclone  
  76  11:44  Terran Infantry Weapons Level 2  
  76  11:46  Marine  
  81  11:47  Command Center  
  81  11:52  SCV x2  
  81  11:53  Refinery  
  83  11:54  Marine  
  83  11:55  Marine  
  85  12:01  Terran Infantry Armor Level 2  
  85  12:04  SCV  
  85  12:05  SCV  
  87  12:11  Marine x3  
  87  12:12  Marine  
  91  12:16  SCV, Barracks  
  91  12:17  Barracks  
  92  12:24  Factory  
  92  12:42  Medivac  
  92  12:43  Medivac  
  96  12:46  Marine x4  
  100  12:54  Marine  
  101  13:04  Marine x3  
  100  13:10  Orbital Command  
  100  13:12  Medivac  
  102  13:14  Medivac  
  102  13:17  Cyclone  
  102  13:19  Factory Tech Lab  
  108  13:31  Marine x7  
  115  13:54  Barracks Reactor x2  
  115  13:58  Cyclone  
  115  13:59  Cyclone  
  112  14:30  Cyclone  
  116  14:34  Marine  
  116  14:35  Marine x8  
  93  16:13  Marine x8  
  101  16:35  Supply Depot x3  
  81  16:58  Command Center  
  81  16:59  Command Center  
Tags
 
Add a new tag
Caveats
  • Supply blocks, unpowered buildings, or Contaminate may cause inaccurate times.
  • Supply counts are checked every 10 seconds.